 Dungeon Crawl Stone Soup version 0.27-a0-1332-g84bddb5ca7 (webtiles) character file.

Game seed: 12879433612576572557

1925 Brandom the Skirmisher (level 8, -10/73 HPs)
             Began as a Demigod Delver on June 26, 2021.
             Killed from afar by Maggie (15 damage)
             ... with a bolt of fire
             ... on level 6 of the Dungeon.
             The game lasted 00:14:39 (7632 turns).

Brandom the Skirmisher (Demigod Delver)             Turns: 7632, Time: 00:14:39

Health: -10/73     AC: 18    Str: 21    XL:     8   Next: 64%
Magic:  10/10      EV:  9    Int: 12    God:
Gold:   348        SH:  0    Dex: 15    Spells: 7/7 levels left

rFire    . . .     SeeInvis .   m - +1 long sword (protect)
rCold    . . .     Faith    .   (no shield)
rNeg     . . .     Spirit   .   g - +0 chain mail
rPois    .         Reflect  .   A - +2 helmet
rElec    .         Harm     .   (no cloak)
rCorr    .         Rampage  .   (no gloves)
Will     .....                  (no boots)
Stlth    ..........             (no amulet)
HPRegen  0.22/turn              (no ring)
MPRegen  0.12/turn              (no ring)

@: under a protective aura
A: high mp 1, forlorn
a: no special abilities


You were on level 6 of the Dungeon.
You visited 1 branch of the dungeon, and saw 6 of its levels.

You collected 348 gold pieces.

Inventory:

Hand Weapons
 a - a +0 falchion
 m - a +1 long sword of protection (weapon)
   (You found it on level 2 of the Dungeon)
Missiles
 j - 11 boomerangs (quivered)
 p - 14 poisoned darts
 x - 3 boomerangs of dispersal {!f}
 C - 3 javelins
 D - a throwing net {!f}
Armour
 b - a +0 leather armour
 g - a +0 chain mail (worn)
   (You found it on level 3 of the Dungeon)
 o - a +0 ring mail
   (You found it on level 2 of the Dungeon)
 A - a +2 helmet (worn)
   (You found it on level 6 of the Dungeon)
Jewellery
 z - a ring of fire
   (You found it on level 5 of the Dungeon)
Wands
 u - a wand of paralysis (8)
   (You took it off a goblin on level 4 of the Dungeon)
 v - a wand of digging (3)
Scrolls
 c - 2 scrolls of fog
 d - 2 scrolls of magic mapping
 e - 3 scrolls of fear
 i - 6 scrolls of identify {unknown}
 k - 4 scrolls of blinking {unknown}
 n - 4 scrolls of teleportation {unknown}
 q - a scroll of silence {unknown}
 r - 4 scrolls of amnesia {unknown}
 t - a scroll of noise {unknown}
 y - a scroll of torment {unknown}
 B - 2 scrolls of brand weapon {unknown}
Potions
 f - a potion of haste {@q3}
 h - a potion of lignification {unknown}
 l - a potion of mutation {unknown}
 s - a potion of invisibility {unknown}
 w - a potion of cancellation {unknown}
 E - a potion of attraction {unknown}


   Skills:
 * Level 7.3 Fighting
 * Level 7.0 Long Blades
 + Level 5.0 Dodging
 - Level 4.5 Stealth


You had 7 spell levels left.
You didn't know any spells.
Your spell library contained the following spells:

 Spells                   Type           Power      Damage    Failure   Level
 Corona                   Hex            0%         N/A       98%         1
 Magic Dart               Conj           0%         1d3       98%         1
 Ensorcelled Hibernation  Hex/Ice        0%         N/A       99%         2
 Searing Ray              Conj           0%         3d3       99%         2
 Confusing Touch          Hex            0%         N/A       100%        3
 Dazzling Flash           Conj/Hex       0%         N/A       100%        3
 Tukima's Dance           Hex            0%         N/A       100%        3
 Fulminant Prism          Conj/Hex       0%         3d6       100%        4
 Iskenderun's Mystic Bla  Conj/Tloc      0%         2d3       100%        4


Dungeon Overview and Level Annotations

Branches:
Dungeon (6/15)
 Temple: D:4-7

Shops:
D:1 :

Annotations:
D:6 Maggie


Innate Abilities, Weirdness & Mutations

Your attributes grow dramatically as you level up.
You have an increased reservoir of magic. (+10% MP)
You shall have no god before yourself.


Message History

You hit Maggie but do no damage.
Maggie mumbles some strange words.
Maggie draws you further into her thrall.
You hit Maggie. Maggie barely misses you.
You hit Maggie.
Maggie says, "Have you seen any dragons?"
Maggie completely misses you.
You closely miss Maggie. Maggie hits you but does no damage.
You hit Maggie. Maggie hits you but does no damage.
You hit Maggie but do no damage. Maggie hits you but does no damage.
You hit Maggie but do no damage. Maggie gestures at you while chanting.
The bolt of fire hits you!
* * * LOW HITPOINT WARNING * * *
Maggie hits you with a +1 long sword of flaming.
* * * LOW HITPOINT WARNING * * *
Maggie burns you.
* * * LOW HITPOINT WARNING * * *
You slash Maggie! Maggie closely misses you.
You riposte.
You hit Maggie. You hit Maggie but do no damage.
You break out of your daze.
Maggie points at you and mumbles some strange words.
The bolt of fire hits you.
* * * LOW HITPOINT WARNING * * *
You barely miss Maggie. Maggie barely misses you.
Unknown command.
You hit Maggie but do no damage. Maggie closely misses you.
You riposte.
You hit Maggie.
Unknown command.
You slash Maggie!
Maggie hits you with a +1 long sword of flaming!
* * * LOW HITPOINT WARNING * * *
Maggie burns you.
* * * LOW HITPOINT WARNING * * *
You closely miss Maggie. Maggie gestures at you while chanting.
The bolt of fire hits you!
* * * LOW HITPOINT WARNING * * *
You hit Maggie but do no damage.
Maggie hits you with a +1 long sword of flaming.
* * * LOW HITPOINT WARNING * * *
Maggie burns you.
* * * LOW HITPOINT WARNING * * *
Your chain mail prevents you from hitting Maggie.
Maggie hits you but does no damage.
Okay, then.
You barely miss Maggie. Maggie gestures at you while chanting.
The bolt of fire hits you!
You die...

## #. ##############
#. #............# #.
#.##########.# #.
#.#.. ..#.#### #.
#.#@# #.#....###.
#.#@######.#........
#.#.......>.........
#.###...............
#.# #.####.#........
#.# #.# #.#........
#.# #.# #.#.###.###
#.# #.# #.#.# #.#
#.# #.# #.#.# .#.#
#.# #.# #.... ....


You could see Maggie.

Vanquished Creatures
  Prince Ribbit (D:6)
  Sigmund (D:3)
  A steam dragon (D:6)
  Edmund (D:6)
  A sky beast (D:5)
  An ice beast (D:5)
  2 necrophages (D:6)
  A bullfrog (D:6)
  A water moccasin zombie (D:5)
  A howler monkey (D:4)
  3 bullfrog zombies
  2 centaur skeletons
  2 orc priests (D:5)
  A gnoll shaman (D:6)
  6 hounds
  A bullfrog skeleton (D:6)
  2 orc wizards (D:3)
  2 iguanas (D:4)
  A hound zombie (D:5)
  9 gnolls
  4 adders
  2 shadow imps (D:6)
  A white imp (D:6)
  An ufetubus (D:5)
  4 dart slugs
  9 orcs
  6 ball pythons
  10 bats
  5 endoplasms
  2 giant cockroaches
  10 goblins
  5 hobgoblins
  8 jackals
  6 kobolds (D:2)
  3 quokkas
  4 frilled lizards
  3 rats
123 creatures vanquished.

Notes
Turn   | Place    | Note
-------+----------+-------------------------------------------
     0 | D:5      | Brandom the Demigod Delver began the quest for the Orb.
     0 | D:5      | Reached XP level 1. HP: 18/18 MP: 3/3
    28 | D:5      | Noticed a jelly
    44 | D:4      | Noticed a hound
   104 | D:4      | Noticed a howler monkey
   112 | D:4      | Noticed an iguana
   151 | D:4      | Noticed a hound
   343 | D:3      | Noticed an orc wizard
   510 | D:1      | Reached XP level 2. HP: 26/26 MP: 4/4
   993 | D:1      | Reached XP level 3. HP: 27/31 MP: 5/5
  1277 | D:1      | You fall into a shaft and drop 1 floor!
  1333 | D:1      | Found Piepol's Book Emporium.
  3275 | D:3      | Noticed Sigmund
  3287 | D:3      | Killed Sigmund
  3288 | D:3      | Reached XP level 4. HP: 12/41 MP: 6/6
  3288 | D:3      | Reached XP level 5. HP: 14/47 MP: 7/7
  4517 | D:4      | Reached XP level 6. HP: 53/53 MP: 8/8
  4874 | D:4      | Reached skill level 5 in Fighting
  5474 | D:5      | Reached XP level 7. HP: 61/61 MP: 9/9
  5510 | D:5      | Reached skill level 5 in Long Blades
  6605 | D:6      | Reached XP level 8. HP: 66/71 MP: 10/10
  7069 | D:6      | Noticed Edmund
  7098 | D:6      | Killed Edmund
  7358 | D:6      | Noticed Prince Ribbit
  7377 | D:6      | Killed Prince Ribbit
  7381 | D:6      | Reached skill level 5 in Dodging
  7609 | D:6      | Noticed Maggie
  7632 | D:6      | Killed from afar by Maggie

Illustrated notes

Levels and vault maps discovered:
D:1:      denvon_arrival_planthouse, layout_basic, basic_ecumenical_altar,
          serial_shops, shop, minmay_pentomino_u2
D:2:      layout_loops_cross
D:3:      layout_basic, general_overflow_altar, lemuel_round_altar,
          lemuel_round_altar, uniq_sigmund
D:4:      layout_rooms, nicolae_hepliaklqana_hippocampus, minmay_pentangle
D:5:      layout_basic, nicolae_ashenzari_skybound,
          lemuel_zombie_altar_yredelemnul
D:6:      layout_basic, overflow_temple_1_default, temple_statues,
          uniq_prince_ribbit1, uniq_edmund, uniq_maggie

Skill      XL: |  1  2  3  4  5  6  7  8 |
---------------+-------------------------+-----
Long Blades    | 2 3 4 6 7 |  7.0
Fighting       | 3 4 5 6 7 |  7.3
Dodging        | 2 3 4 5 |  5.0
Stealth        | |  4.5

Action                   |  1- 3 |  4- 6 |  7- 9 || total
-------------------------+-------+-------+-------++-------
Melee: Falchion          |    88 |       |       ||    88
       Long sword        |    43 |   119 |   201 ||   363
  Use: Potion            |       |     2 |     1 ||     3
 Stab: Sleeping          |     7 |     2 |       ||     9
Armor: Leather armour    |    29 |       |       ||    29
       Ring mail         |    14 |    69 |    45 ||   128
       Chain mail        |       |       |    76 ||    76
Dodge: Dodged            |   105 |   101 |    92 ||   298
       Rpst.: Falchion   |    26 |       |       ||    26
       Long sword        |     9 |    33 |    24 ||    66

Table legend: (Time is in decaauts)
 A = Elapsed time spent in this place.
 B = Non-inter-level travel time spent in this place.
 C = Inter-level travel time spent in this place.
 D = Time resting spent in this place.
 E = Time spent auto-exploring this place.
 F = Levels seen in this place.
 G = Mean time per level.
                   A        B        C        D        E       F      G
               +--------+--------+--------+--------+--------+-----+--------+
         Total |   7697 |   7571 |    126 |    762 |   5584 |   6 | 1282.8 |
       Dungeon |   7697 |   7571 |    126 |    762 |   5584 |   6 | 1282.8 |
               +--------+--------+--------+--------+--------+-----+--------+

Top non-repeatable levels by time:
     D:3: 1844 daAuts
     D:2: 1389 daAuts
     D:1: 1301 daAuts
     D:6: 1181 daAuts
     D:5: 1161 daAuts
     D:4: 819 daAuts
